3L
WIZARDING EXPRESS @ HOUSTON 1837 COLT .45S
09/16/2021
 
TOP OF THE 1ST
Wizarding Express batting - Pitching for Houston 1837 Colt .45s : LHP Edison Larson
Pitching: LHP Edison Larson
Batting: RHB Pedro Cruz 0-0: Swinging Strike
0-1: Ball
1-1: Ball
2-1: Ball
3-1: Base on Balls
Batting: RHB Michael Montgomery 0-0: Fly out, F8 (Flyball, 8LM)
Batting: RHB Alfredo Martínez 0-0: Foul Ball, location: 2F
0-1: Ball
1-1: Foul Ball, location: 2F
1-2: Ball
2-2: Fly out, F3 (Line Drive, 34)
Batting: LHB Jason Powell 0-0: Called Strike
0-1: Called Strike
0-2: Ball
1-2: Fly out, F4 (Popup, 4MD)
Top of the 1st over - 0 run(s), 0 hit(s), 0 error(s), 1 left on base; Wizarding 0 - Houston 1837 0
BOTTOM OF THE 1ST
Houston 1837 Colt .45s batting - Pitching for Wizarding Express : RHP Curt Clarke
Pitching: RHP Curt Clarke
Batting: LHB Jack Robbins 0-0: Ball
1-0: Ball
2-0: Ball
3-0: Called Strike
3-1: Base on Balls
Batting: LHB Brad Lawrence 0-0: Ball
1-0: Ball
2-0: DOUBLE (Groundball, 3L)
Jack Robbins to third
Batting: RHB Bob Dickerson 0-0: Fly out, F8 (Line Drive, 78D)
Runner from 3rd tags up, SCORES, no throw
Batting: LHB Chris Rice 0-0: Ball
1-0: 2-RUN HOME RUN (Line Drive, 89XD), Distance : 438 ft
Batting: LHB Mark McClear 0-0: Called Strike
0-1: Fly out, F8 (Line Drive, 8RS)
Batting: LHB Luis Rodríguez 0-0: Ball
1-0: Swinging Strike
1-1: Foul Ball, location: 2F
1-2: Strikes out looking
Bottom of the 1st over - 3 run(s), 2 hit(s), 0 error(s), 0 left on base; Wizarding 0 - Houston 1837 3
TOP OF THE 2ND
Wizarding Express batting - Pitching for Houston 1837 Colt .45s : LHP Edison Larson
Batting: RHB Cole Shaffer 0-0: Foul Ball, location: 2F
0-1: Foul Ball, location: 2F
0-2: Ball
1-2: Foul Ball, location: 2F
1-2: SINGLE (Groundball, 56D)
Batting: LHB Chris Thurman 0-0: Called Strike
0-1: Swinging Strike
0-2: Strikes out swinging
Batting: RHB Anastasio Cabanillas 0-0: Called Strike
0-1: Fly out, F9 (Flyball, 89M)
Batting: RHB Greg Keys 0-0: Ball
Cole Shaffer is caught stealing 2nd base
Top of the 2nd over - 0 run(s), 1 hit(s), 0 error(s), 0 left on base; Wizarding 0 - Houston 1837 3
BOTTOM OF THE 2ND
Houston 1837 Colt .45s batting - Pitching for Wizarding Express : RHP Curt Clarke
Batting: LHB Ray Merrill 0-0: Foul Ball, location: 2F
0-1: Foul Ball, location: 2F
0-2: Ball
1-2: Strikes out looking
Batting: RHB Carlos Vela 0-0: Called Strike
0-1: Ball
1-1: Ball
2-1: Ball
3-1: Base on Balls
Batting: RHB Guillermo Montoya 0-0: Swinging Strike
0-1: Ball
1-1: Called Strike
1-2: Foul Ball, location: 2F
1-2: SINGLE (Line Drive, 7LM)
Carlos Vela to second
Batting: LHB Jack Robbins 0-0: Ball
1-0: Called Strike
1-1: SINGLE (Flyball, 89S)
Carlos Vela to third
Guillermo Montoya to second
Batting: LHB Brad Lawrence 0-0: Called Strike
0-1: Foul Ball, location: 2F
0-2: Fly out, F7 (Line Drive, 78M)
Runner from 3rd tags up, SCORES, throw made
Batting: RHB Bob Dickerson 0-0: SINGLE (Groundball, 6D)
Guillermo Montoya to third
Jack Robbins to second
Runner from 3rd tries for Home, SAFE, throw made home
Jack Robbins to third
Bob Dickerson to second
Batting: LHB Chris Rice 0-0: Hit by Pitch
Batting: LHB Mark McClear 0-0: Ground out 4-3 (Groundball, 4)
Bottom of the 2nd over - 2 run(s), 3 hit(s), 0 error(s), 3 left on base; Wizarding 0 - Houston 1837 5
TOP OF THE 3RD
Wizarding Express batting - Pitching for Houston 1837 Colt .45s : LHP Edison Larson
Batting: RHB Greg Keys 0-0: Fly out, F9 (Flyball, 9LM)
Batting: LHB Dave Lee 0-0: Fly out, F5 (Popup, 5F)
Batting: RHB Pedro Cruz 0-0: Ball
1-0: DOUBLE (Line Drive, 7LS)
Batting: RHB Michael Montgomery 0-0: Ball
1-0: Fly out, F7 (Flyball, 78M)
Top of the 3rd over - 0 run(s), 1 hit(s), 0 error(s), 1 left on base; Wizarding 0 - Houston 1837 5
BOTTOM OF THE 3RD
Houston 1837 Colt .45s batting - Pitching for Wizarding Express : RHP Curt Clarke
Batting: LHB Luis Rodríguez 0-0: Called Strike
0-1: Ground out 4-3 (Groundball, 4)
Batting: LHB Ray Merrill 0-0: Called Strike
0-1: Ball
1-1: Ground out 4-3 (Groundball, 34)
Batting: RHB Carlos Vela 0-0: Ball
1-0: Swinging Strike
1-1: Swinging Strike
1-2: Strikes out swinging
Bottom of the 3rd over - 0 run(s), 0 hit(s), 0 error(s), 0 left on base; Wizarding 0 - Houston 1837 5
TOP OF THE 4TH
Wizarding Express batting - Pitching for Houston 1837 Colt .45s : LHP Edison Larson
Batting: RHB Alfredo Martínez 0-0: Ball
1-0: Called Strike
1-1: Ball
2-1: SINGLE (Line Drive, 9S)
Batting: LHB Jason Powell 0-0: Fly out, F8 (Flyball, 8LS)
Batting: RHB Cole Shaffer 0-0: Called Strike
0-1: Fielders Choice at 2nd, 6-4 (Groundball, 6)
Batting: LHB Chris Thurman 0-0: Called Strike
0-1: Ball
1-1: Foul Ball, location: 2F
1-2: Strikes out swinging
Top of the 4th over - 0 run(s), 1 hit(s), 0 error(s), 1 left on base; Wizarding 0 - Houston 1837 5
BOTTOM OF THE 4TH
Houston 1837 Colt .45s batting - Pitching for Wizarding Express : RHP Curt Clarke
Pitching: RHP Joe Benítez
Batting: RHB Guillermo Montoya 0-0: Ball
1-0: Ground out 4-3 (Groundball, 4)
Batting: LHB Jack Robbins 0-0: Ball
1-0: Foul Ball, location: 2F
1-1: Fly out, F8 (Flyball, 89S)
Batting: LHB Brad Lawrence 0-0: Foul Ball, location: 2F
0-1: Fly out, F9 (Line Drive, 9S)
Bottom of the 4th over - 0 run(s), 0 hit(s), 0 error(s), 0 left on base; Wizarding 0 - Houston 1837 5
TOP OF THE 5TH
Wizarding Express batting - Pitching for Houston 1837 Colt .45s : LHP Edison Larson
Batting: RHB Anastasio Cabanillas 0-0: Fly out, F8 (Flyball, 8RD)
Batting: RHB Greg Keys 0-0: Ball
1-0: Foul Ball, location: 2F
1-1: Ball
2-1: Ball
3-1: Foul Ball, location: 2F
3-2: Foul Ball, location: 2F
3-2: DOUBLE (Flyball, 89XD)
Batting: LHB Dave Lee 0-0: Ball
1-0: Called Strike
1-1: DOUBLE (Line Drive, 9LS)
Greg Keys scores
Batting: RHB Pedro Cruz 0-0: Ball
1-0: Foul Ball, location: 2F
1-1: Fly out, F7 (Flyball, 78M)
Batting: RHB Michael Montgomery 0-0: Ground out 4-3 (Groundball, 13)
Top of the 5th over - 1 run(s), 2 hit(s), 0 error(s), 1 left on base; Wizarding 1 - Houston 1837 5
BOTTOM OF THE 5TH
Houston 1837 Colt .45s batting - Pitching for Wizarding Express : RHP Joe Benítez
Batting: RHB Bob Dickerson 0-0: Ball
1-0: Ball
2-0: SINGLE (Line Drive, 56)
Batting: LHB Chris Rice 0-0: Foul Ball, location: 2F
0-1: Called Strike
0-2: Foul Ball, location: 2F
0-2: Ball
1-2: Foul Ball, location: 2F
1-2: Foul Ball, location: 2F
1-2: Strikes out looking
Batting: LHB Mark McClear 0-0: Ball
1-0: Called Strike
1-1: Ball
2-1: Ball
3-1: Fly out, F9 (Flyball, 89D)
Batting: LHB Luis Rodríguez 0-0: Ball
1-0: Ground out 4-3 (Groundball, 4S)
Bottom of the 5th over - 0 run(s), 1 hit(s), 0 error(s), 1 left on base; Wizarding 1 - Houston 1837 5
TOP OF THE 6TH
Wizarding Express batting - Pitching for Houston 1837 Colt .45s : LHP Edison Larson
Batting: RHB Alfredo Martínez 0-0: Called Strike
0-1: Ball
1-1: Ball
2-1: Ball
3-1: Ground out 6-3 (Groundball, 6)
Batting: LHB Jason Powell 0-0: Ball
1-0: Foul Ball, location: 2F
1-1: Foul Ball, location: 2F
1-2: Ball
2-2: Foul Ball, location: 2F
2-2: Fly out, F5 (Popup, 25F)
Batting: RHB Cole Shaffer 0-0: Ball
1-0: Ground out 5-3 (Groundball, 5L)
Top of the 6th over - 0 run(s), 0 hit(s), 0 error(s), 0 left on base; Wizarding 1 - Houston 1837 5
BOTTOM OF THE 6TH
Houston 1837 Colt .45s batting - Pitching for Wizarding Express : RHP Joe Benítez
Batting: LHB Ray Merrill 0-0: Fly out, F9 (Flyball, 89S)
Batting: RHB Carlos Vela 0-0: Ball
1-0: Swinging Strike
1-1: Fly out, F8 (Flyball, 8LS)
Batting: RHB Guillermo Montoya 0-0: Ball
1-0: Called Strike
1-1: Swinging Strike
1-2: Fly out, F6 (Popup, 6MD)
Bottom of the 6th over - 0 run(s), 0 hit(s), 0 error(s), 0 left on base; Wizarding 1 - Houston 1837 5
TOP OF THE 7TH
Wizarding Express batting - Pitching for Houston 1837 Colt .45s : LHP Edison Larson
Batting: LHB Chris Thurman 0-0: Called Strike
0-1: Swinging Strike
0-2: Strikes out looking
Batting: RHB Anastasio Cabanillas 0-0: Ball
1-0: Ground out 5-3 (Groundball, 56S)
Batting: RHB Greg Keys 0-0: Called Strike
0-1: Ball
1-1: Called Strike
1-2: Fly out, F8 (Flyball, 8LM)
Top of the 7th over - 0 run(s), 0 hit(s), 0 error(s), 0 left on base; Wizarding 1 - Houston 1837 5
BOTTOM OF THE 7TH
Houston 1837 Colt .45s batting - Pitching for Wizarding Express : RHP Joe Benítez
Batting: LHB Jack Robbins 0-0: Fly out, F9 (Flyball, 89S)
Batting: LHB Brad Lawrence 0-0: Ball
1-0: Fly out, F8 (Line Drive, 8RD)
Batting: RHB Bob Dickerson 0-0: Ball
1-0: Ball
2-0: Called Strike
2-1: Foul Ball, location: 2F
2-2: Ball
3-2: Fly out, F4 (Popup, 4S)
Bottom of the 7th over - 0 run(s), 0 hit(s), 0 error(s), 0 left on base; Wizarding 1 - Houston 1837 5
TOP OF THE 8TH
Wizarding Express batting - Pitching for Houston 1837 Colt .45s : LHP Edison Larson
Batting: LHB Dave Lee 0-0: Called Strike
0-1: Ball
1-1: Ball
2-1: Foul Ball, location: 2F
2-2: Strikes out looking
Batting: RHB Pedro Cruz 0-0: Ground out 5-3 (Groundball, 56)
Batting: RHB Michael Montgomery 0-0: Ball
1-0: Ball
2-0: Ground out 5-3 (Groundball, 5L)
Top of the 8th over - 0 run(s), 0 hit(s), 0 error(s), 0 left on base; Wizarding 1 - Houston 1837 5
BOTTOM OF THE 8TH
Houston 1837 Colt .45s batting - Pitching for Wizarding Express : RHP Joe Benítez
Batting: LHB Chris Rice 0-0: Ball
1-0: Ball
2-0: Ball
3-0: Base on Balls
Pitching: RHP Ed McWhannell
Batting: LHB Mark McClear 0-0: Ball
1-0: Called Strike
1-1: Ball
2-1: Ball
3-1: Base on Balls
Chris Rice to second
Batting: LHB Luis Rodríguez 0-0: Sac Bunt - play at first, batter OUT! 2-4
Chris Rice to third
Mark McClear to second
Batting: LHB Ray Merrill 0-0: SINGLE (Line Drive, 9LS)
Chris Rice scores
Mark McClear to third
Batting: RHB Carlos Vela 0-0: Grounds into double play, 6-4-3 (Groundball, 6M)
Bottom of the 8th over - 1 run(s), 1 hit(s), 0 error(s), 1 left on base; Wizarding 1 - Houston 1837 6
TOP OF THE 9TH
Wizarding Express batting - Pitching for Houston 1837 Colt .45s : LHP Edison Larson
Batting: RHB Alfredo Martínez 0-0: Called Strike
0-1: Called Strike
0-2: Foul Ball, location: 2F
0-2: Ball
1-2: Fly out, F8 (Flyball, 8LXD)
Batting: LHB Jason Powell 0-0: Ball
1-0: Foul Ball, location: 2F
1-1: Fly out, F7 (Flyball, 78M)
Batting: RHB Cole Shaffer 0-0: Swinging Strike
0-1: Ball
1-1: Ball
2-1: Ground out 6-3 (Groundball, 6MS)
Top of the 9th over - 0 run(s), 0 hit(s), 0 error(s), 0 left on base; Wizarding 1 - Houston 1837 6
This league is powered by Out of the Park Baseball, the baseball management simulation game for PC, Mac and Linux
Friday, January 22nd, 2016 - OOTP Baseball 16.9 Build 39